 Dungeon Crawl Stone Soup version 0.25.1-2-g60ff931df9 (webtiles) character file.

Game seed: 14108983863675490051

13694 lorenzova the Thaumaturge (level 11, -1/54 HPs)
             Began as a Deep Elf Conjurer on Oct 8, 2020.
             Was an Elder of Vehumet.
             Succumbed to a black mamba's poison
             ... on level 2 of the Lair of Beasts.
             The game lasted 00:27:22 (13911 turns).

lorenzova the Thaumaturge (Deep Elf Conjurer)      Turns: 13911, Time: 00:27:23

Health: -1/54      AC:  7    Str:  5    XL:     11   Next: 78%
Magic:  1/31       EV: 12    Int: 30    God:    Vehumet [****..]
Gold:   808        SH:  5    Dex: 15    Spells: 18/38 levels left

rFire    + + +     SeeInvis .   u - +2 hand axe (vorpal)
rCold    . . .     Gourm    .   (no shield)
rNeg     . . .     Faith    .   J - +2 leather armour {rF+}
rPois    +         Spirit   .   (no helmet)
rElec    +         Reflect  +   k - +0 cloak
rCorr    +         Harm     .   (no gloves)
MR       +....                  I - +0 pair of boots
Stlth    ++........             g - amulet of reflection
HPRegen  0.18/turn              t - +6 ring of intelligence
MPRegen  0.22/turn              M - ring of fire

@: lethally poisoned (-1 -> -29), resistant, very slightly contaminated
A: no striking features
a: Renounce Religion


You were on level 2 of the Lair of Beasts.
You worshipped Vehumet.
Vehumet was greatly pleased with you.
You were very hungry.

You visited 3 branches of the dungeon, and saw 14 of its levels.

You collected 808 gold pieces.

Inventory:

Hand Weapons
 u - a +2 vorpal hand axe (weapon)
Armour
 k - a +0 cloak (worn)
 w - a +0 ring mail of fire resistance
 I - a +0 pair of boots (worn)
 J - a +2 leather armour of fire resistance (worn)
Jewellery
 a - an uncursed amulet of guardian spirit {unknown}
 g - an amulet of reflection (around neck)
 t - a +6 ring of intelligence (left hand)
 A - an uncursed ring of protection from cold
 M - a ring of fire (right hand)
Wands
 C - a wand of acid (17)
 F - a wand of disintegration (8)
Scrolls
 b - 6 scrolls of enchant weapon
 d - 2 scrolls of blinking
 e - 3 scrolls of fog
 f - 3 scrolls of enchant armour
 p - 5 scrolls of teleportation
 r - 6 scrolls of remove curse
 v - a scroll of amnesia
 B - 3 scrolls of fear
Potions
 h - a potion of mutation
 i - 3 potions of heal wounds
 j - 4 potions of might
 l - 2 potions of berserk rage {unknown}
 m - a potion of curing {unknown}
 n - 3 potions of brilliance
 o - 2 potions of resistance
 q - a potion of lignification {unknown}
 z - a potion of stabbing {unknown}
 N - a potion of flight {unknown}
Comestibles
 c - 11 rations


   Skills:
 - Level 2.4 Dodging
 - Level 2.4 Stealth
 * Level 14.3 Spellcasting
 * Level 12.7 Conjurations
 + Level 8.9 Hexes
 - Level 6.0 Translocations
 + Level 6.6 Fire Magic


You had 18 spell levels left.
You knew the following spells:

 Your Spells              Type           Power        Failure   Level  Hunger
a - Magic Dart            Conj           ####         0%          1    None
b - Searing Ray           Conj           ######       1%          2    None
c - Iskenderun's Mystic   Conj/Tloc      ######..     1%          4    None
d - Fulminant Prism       Conj/Hex       ######....   1%          4    None
e - Foxfire               Conj/Fire      ####         1%          1    None
f - Ignite Poison         Fire/Tmut/Pois ######..     1%          3    None
p - Blink                 Tloc           N/A          1%          2    None
x - Conjure Flame         Conj/Fire      #######.     1%          3    None

Your spell library contained the following spells:

 Spells                   Type           Power        Failure   Level  Hunger
 Bolt of Magma            Conj/Fire/Erth ######....   2%          5    None
 Apportation              Tloc           ######       1%          1    None
 Corona                   Hex            ######.      1%          1    None
 Slow                     Hex            ######..     1%          2    None
 Dazzling Flash           Conj/Hex       ######       1%          3    None
 Inner Flame              Hex/Fire       #######.     1%          3    None
 Mephitic Cloud           Conj/Pois/Air  #####...     1%          3    None
 Portal Projectile        Hex/Tloc       ######       1%          3    None
 Cause Fear               Hex            ######....   1%          4    None
 Animate Skeleton         Necr           N/A          3%          1    None
 Summon Small Mammal      Summ           ###.         3%          1    None
 Call Imp                 Summ           ###.....     6%          2    None
 Leda's Liquefaction      Hex/Erth       #####.....   6%          4    None


Dungeon Overview and Level Annotations

Branches:
Dungeon (10/15)            Temple (1/1) D:5            Lair (3/6) D:8
    Orc (0/2) D:9
  Swamp: Lair:2-4    Shoals: Lair:2-4     Snake: Lair:2-4    Spider: Lair:2-4

Altars:
Ashenzari
Dithmenos
Elyvilon
Fedhas
Gozag
Hepliaklqana
Kikubaaqudgha
Makhleb
Nemelex Xobeh
Okawaru
Qazlal
Ru
Sif Muna
Uskayaw
Vehumet
Wu Jian
The Shining One

Portals:
Trove: D:10 (give 11 potions of heal wounds)

Annotations:
D:9 Harold
Lair:2 exclusion: downstairs


Message History

Okay, then.
Okay, then.
Blink to where?
Press: ? - help, Dir - move target cursor, p - black mamba You are very lightly contaminated with residual magic.
As you read the scroll of blinking, it crumbles to dust.
* * * LOW HITPOINT WARNING * * *
You feel very sick.
* * * LOW HITPOINT WARNING * * *
You feel very sick.
There is a stone staircase leading up, spattered with blood here.
* * * LOW HITPOINT WARNING * * *
You feel very sick.
You climb upwards.
Level annotation: exclusion: downstairs
* * * LOW HITPOINT WARNING * * *
You feel very sick.
There is a stone staircase leading down here.
You feel protected.
You die...

.#...##...######.P...........###.
...........##...>..#.............
.......#..P.......(.##.......P###
...................###...P....###
........##..##......##..P#...###.
....##.............###P......# ##
#.....#.......#....# ####....####
##....#/.......†#### ##..#....P
##.............@## #....#....
#.#.......P..#..# ####.....#
###........#....#########....##
## #.......#.......##P##........
.####.....P#.#.....#.#..#........
..##.....[####..........P.#......
#.##.#.P...# #.......##...#.###..
....<#P....# ##.....###..#####...
#.....P...P###.............# ##.#


There were no monsters in sight!

Vanquished Creatures
  2 hydras
  Erica (D:8)
  A black mamba (Lair:2)
  6 spiny frogs
  A rime drake (Lair:2)
  Grinder (D:6)
  2 hippogriffs
  15 yaks
  3 porcupines
  9 water moccasins
  2 orc warriors
  6 sky beasts
  An ice beast (D:9)
  An eye of draining (D:9)
  6 ogres
  2 phantoms
  A necrophage (D:9)
  4 centaurs
  4 wolves (Lair:1)
  2 crocodiles (Lair:2)
  3 big kobolds
  4 bullfrogs
  A scorpion (D:6)
  8 killer bees
  3 crimson imps
  3 howler monkeys (D:8)
  2 centaur zombies
  A quasit (D:7)
  6 hounds
  A bullfrog skeleton (D:3)
  9 orc priests
  3 centaur skeletons
  A jelly (D:9)
  An iguana (D:6)
  12 orc wizards
  10 worker ants
  A worker ant zombie (D:9)
  Robin (D:3)
  6 adders
  2 howler monkey skeletons
  4 shadow imps
  2 oozes
  An adder zombie (D:9)
  2 worms (D:2)
  4 dart slugs
  5 leopard geckos
  50 orcs
  10 bats
  A giant cockroach (D:3)
  14 goblins
  8 hobgoblins
  10 jackals
  8 quokkas
  A ball python (D:5)
  3 frilled lizards
  A jackal skeleton (D:5)
  23 kobolds
  A leopard gecko skeleton (D:4)
  13 rats
  4 fungi (Lair:3)
  A plant (Lair:2)
314 creatures vanquished.

Vanquished Creatures (others)
  23 fulminant prisms
23 creatures vanquished.

Grand Total: 337 creatures vanquished

Notes
Turn   | Place    | Note
-------+----------+-------------------------------------------
     0 | D:1      | lorenzova the Deep Elf Conjurer began the quest for the
                  | Orb.
     0 | D:1      | Reached XP level 1. HP: 10/10 MP: 6/6
   161 | D:1      | Reached XP level 2. HP: 15/15 MP: 5/8
   729 | D:1      | Reached skill level 4 in Spellcasting
   871 | D:1      | Reached XP level 3. HP: 19/19 MP: 8/10
  1150 | D:2      | Reached skill level 5 in Conjurations
  1271 | D:2      | Learned a level 2 spell: Searing Ray
  1683 | D:2      | Reached XP level 4. HP: 24/24 MP: 7/12
  1792 | D:2      | Reached skill level 5 in Spellcasting
  1976 | D:2      | Found a sacrificial altar of Ru.
  2013 | D:2      | Reached XP level 5. HP: 28/28 MP: 4/15
  2181 | D:2      | Found a faded altar of an unknown god.
  2542 | D:3      | Reached skill level 6 in Spellcasting
  2803 | D:3      | Reached XP level 6. HP: 32/32 MP: 12/17
  3185 | D:3      | Noticed Robin
  3193 | D:3      | Killed Robin
  3574 | D:3      | You fall into a shaft and drop 1 floor!
  3621 | D:4      | Reached skill level 7 in Spellcasting
  4199 | D:4      | Reached XP level 7. HP: 29/36 MP: 4/20
  4296 | D:4      | Learned a level 4 spell: Iskenderun's Mystic Blast
  4301 | D:4      | Learned a level 4 spell: Fulminant Prism
  5069 | D:5      | Entered Level 5 of the Dungeon
  5193 | D:5      | Found a staircase to the Ecumenical Temple.
  5196 | D:5      | Reached skill level 8 in Spellcasting
  5220 | Temple   | Entered the Ecumenical Temple
  5313 | Temple   | Became a worshipper of Vehumet
  5428 | D:5      | Reached skill level 1 in Hexes
  5569 | D:5      | Reached skill level 1 in Translocations
  6002 | D:5      | Reached XP level 8. HP: 41/41 MP: 18/22
  6086 | D:5      | Reached skill level 9 in Spellcasting
  6415 | D:6      | Found a sparkling altar of Nemelex Xobeh.
  6593 | D:6      | Reached * piety under Vehumet
  6593 | D:6      | Offered knowledge of Foxfire by Vehumet.
  6596 | D:6      | Learned a level 1 spell: Foxfire
  6705 | D:6      | Reached skill level 1 in Fire Magic
  6905 | D:6      | Reached skill level 10 in Spellcasting
  7236 | D:6      | Reached XP level 9. HP: 36/45 MP: 20/25
  7665 | D:6      | Noticed Grinder
  7674 | D:6      | Killed Grinder
  8270 | D:7      | Reached ** piety under Vehumet
  8277 | D:7      | Offered knowledge of Shock by Vehumet.
  8278 | D:7      | Reached skill level 5 in Hexes
  8547 | D:7      | Reached skill level 11 in Spellcasting
  8548 | D:7      | Reached skill level 10 in Conjurations
  9334 | D:8      | Noticed Erica
  9413 | D:8      | Killed Erica
  9413 | D:8      | Reached skill level 5 in Translocations
  9413 | D:8      | Reached XP level 10. HP: 50/50 MP: 20/27
  9736 | D:8      | Offered knowledge of Mephitic Cloud by Vehumet.
  9902 | D:8      | Found a staircase to the Lair.
 10168 | D:8      | Reached skill level 12 in Spellcasting
 10452 | D:9      | Found a staircase to the Orcish Mines.
 10462 | D:9      | Reached *** piety under Vehumet
 10669 | D:9      | Learned a level 3 spell: Conjure Flame
 10672 | D:9      | Learned a level 2 spell: Blink
 10835 | D:9      | Noticed Harold
 11095 | D:9      | Offered knowledge of Ignite Poison by Vehumet.
 11205 | D:9      | Learned a level 3 spell: Ignite Poison
 11205 | D:9      | You fall into a shaft and drop 1 floor!
 11205 | D:10     | Entered Level 10 of the Dungeon
 11205 | D:10     | Found a portal to a secret trove of treasure.
 11477 | Lair:1   | Entered Level 1 of the Lair of Beasts
 11655 | Lair:1   | Reached skill level 5 in Fire Magic
 11797 | Lair:1   | Noticed a spiny frog
 11804 | Lair:1   | Killed a spiny frog
 11920 | Lair:1   | Reached XP level 11. HP: 54/54 MP: 21/29
 11923 | Lair:1   | Reached skill level 13 in Spellcasting
 13001 | Lair:2   | Reached **** piety under Vehumet
 13444 | Lair:2   | Noticed a seven-headed hydra
 13496 | Lair:2   | Killed a seven-headed hydra
 13496 | Lair:2   | Reached skill level 14 in Spellcasting
 13693 | Lair:3   | Noticed a four-headed hydra
 13889 | Lair:3   | Killed a four-headed hydra
 13889 | Lair:3   | Offered knowledge of Bolt of Magma by Vehumet.
 13910 | Lair:2   | HP: 1/54 [poisoned by a black mamba]
 13911 | Lair:2   | Succumbed to a black mamba's poison

Illustrated notes

Levels and vault maps discovered:
D:1:      grunt_arrival_lava_bath, layout_loops_ring, patterned_corridor
D:2:      layout_rooms, nicolae_overflow_crystal_walls,
          chequers_ecumenical_altar_grove
D:3:      layout_loops_ring, hangedman_decor_clover_reticule,
          chequers_arboretum, hex_medium, minmay_puff, uniq_robin
D:4:      layout_basic, first_ration
D:5:      layout_gridville, minmay_temple_entry_fiery
D:6:      layout_gridville, nemelex_xobeh_ov_fountains_minmay, uniq_grinder
D:7:      layout_rooms
D:8:      layout_loops_ring, lair_entry_dummy, uniq_erica
D:9:      layout_loops_ring, david_orc_2, david_nohive_1, wad_floor_pattern_1,
          uniq_harold
D:10:     minmay_smoke_and_mirrors, layout_irregular_city,
          nicolae_trove_entry_crystal, serial_shops, kennysheep_mini,
          uniq_erolcha
Temple:   minmay_crystal_snake_temple
Lair:1:   layout_misc_corridors, infiniplex_staircase_pool
Lair:2:   layout_misc_corridors
Lair:3:   layout_loops_ring, minmay_shoals_entry_lonely_mermaid,
          grunt_forest_large_clearings, uniq_nergalle

Skill      XL: |  1  2  3  4  5  6  7  8  9 10 11 |
---------------+----------------------------------+-----
Spellcasting   | 4 5 6 7 8 10 11 12 14 | 14.3
Conjurations   | 5 6 7 8 9 10 11 12 | 12.7
Hexes          | 2 4 6 7 8 |  8.9
Translocations | 1 3 5 6 |  6.0
Fire Magic     | 1 3 5 6 |  6.6
Dodging        | |  2.4
Stealth        | |  2.4

Action                   |  1- 3 |  4- 6 |  7- 9 | 10-12 || total
-------------------------+-------+-------+-------+-------++-------
Melee: Unarmed           |     1 |     3 |       |       ||     4
       Hand axe          |       |       |       |     3 ||     3
 Cast: Magic Dart        |    79 |   131 |   151 |    72 ||   433
       Searing Ray       |     2 |    13 |    65 |    58 ||   138
       Fulminant Prism   |       |       |     4 |    19 ||    23
       Iskenderun's Myst |       |       |     2 |    29 ||    31
       Conjure Flame     |       |       |       |     3 ||     3
  Use: Scroll            |     6 |     3 |     5 |     8 ||    22
       Potion            |       |       |       |     1 ||     1
  Eat: Chunk             |     2 |     7 |    13 |    12 ||    34
       Ration            |       |       |     1 |       ||     1
Armor: Robe              |     3 |     1 |     4 |     1 ||     9
       Leather armour    |       |       |       |     4 ||     4
Dodge: Dodged            |     7 |    10 |    28 |    30 ||    75
Block: Other             |       |       |     5 |     7 ||    12
       Reflection        |       |       |     2 |     1 ||     3
